TOP OF THE 1ST |
Yellowknife Dragonblood batting - Pitching for Chicago Tula : LHP Brooks Senetzer
|
Pitching: LHP Brooks Senetzer
|
|
Batting: RHB Víctor Cuevas
|
0-0: Ball 1-0: Fly out, F8 (Flyball, 78D)
|
Batting: RHB Bill Boyd
|
0-0: Reached on error, E6 (Groundball, 6M)
|
Batting: RHB Fernando González
|
0-0: Ball Bill Boyd is caught stealing 2nd base 1-0: Fly out, F8 (Flyball, 78M)
|
Top of the 1st over - 0 runs, 0 hits, 1 error, 0 left on base; Yellowknife 0 - Chicago 0 |
BOTTOM OF THE 1ST |
Chicago Tula batting - Pitching for Yellowknife Dragonblood : RHP Forest Stanley
|
Pitching: RHP Forest Stanley
|
|
Batting: RHB Rubén Arce
|
0-0: Called Strike 0-1: Ground out 6-3 (Groundball, 6)
|
Batting: RHB Norm Chodorow
|
0-0: Fly out, F9 (Flyball, 9)
|
Batting: RHB Santiago Valentín
|
0-0: DOUBLE (Line Drive, 9LM)
|
Batting: LHB Raphaël Duval
|
0-0: Called Strike 0-1: Ball 1-1: Swinging Strike 1-2: Strikes out looking
|
Bottom of the 1st over - 0 runs, 1 hit, 0 errors, 1 left on base; Yellowknife 0 - Chicago 0 |
TOP OF THE 2ND |
Yellowknife Dragonblood batting - Pitching for Chicago Tula : LHP Brooks Senetzer
|
Batting: SHB Miklos Elias
|
0-0: Swinging Strike 0-1: Foul Ball, location: 2F 0-2: Ball 1-2: Ball 2-2: Fly out, F8 (Flyball, 8LS)
|
Batting: RHB Manny García
|
0-0: Ball 1-0: Foul Ball, location: 2F 1-1: Ball 2-1: Ball 3-1: Foul Ball, location: 2F 3-2: Base on Balls
|
Batting: RHB Rob Ingram
|
0-0: Ball Manny García steals 2nd base 1-0: Fly out, F9 (Flyball, 9)
|
Batting: RHB Riley Walker
|
0-0: Called Strike 0-1: Called Strike 0-2: Ball 1-2: Strikes out looking
|
Top of the 2nd over - 0 runs, 0 hits, 0 errors, 1 left on base; Yellowknife 0 - Chicago 0 |
BOTTOM OF THE 2ND |
Chicago Tula batting - Pitching for Yellowknife Dragonblood : RHP Forest Stanley
|
Batting: RHB Obi Jones
|
0-0: Foul Ball, location: 2F 0-1: Swinging Strike 0-2: Ball 1-2: Ball 2-2: Foul Ball, location: 2F 2-2: Ball 3-2: Ground out 3-1 (Groundball, 3D)
|
Batting: SHB Augusto Trejo
|
0-0: Reached on error, E6 (Popup, 6M)
|
Batting: RHB Lynwood Dimartínez
|
0-0: Ball 1-0: Swinging Strike 1-1: Ball 2-1: Foul Ball, location: 2F 2-2: Foul Ball, location: 2F 2-2: Strikes out swinging
|
Batting: RHB Frank de Blooys
|
0-0: Ball 1-0: Foul Ball, location: 2F 1-1: Foul Ball, location: 2F 1-2: Ground out 4-3 (Groundball, 4MS)
|
Bottom of the 2nd over - 0 runs, 0 hits, 1 error, 1 left on base; Yellowknife 0 - Chicago 0 |
TOP OF THE 3RD |
Yellowknife Dragonblood batting - Pitching for Chicago Tula : LHP Brooks Senetzer
|
Batting: RHB Cristo Cuervo
|
0-0: Foul Ball, location: 2F 0-1: SINGLE (Flyball, 89S)
|
Batting: RHB Mitsuhide Bando
|
0-0: Called Strike 0-1: Ball 1-1: Swinging Strike 1-2: Ball 2-2: Grounds into double play, 4-6-3 (Groundball, 4)
|
Batting: RHB Víctor Cuevas
|
0-0: Swinging Strike 0-1: Ball 1-1: Called Strike 1-2: Strikes out swinging
|
Top of the 3rd over - 0 runs, 1 hit, 0 errors, 0 left on base; Yellowknife 0 - Chicago 0 |
BOTTOM OF THE 3RD |
Chicago Tula batting - Pitching for Yellowknife Dragonblood : RHP Forest Stanley
|
Batting: RHB Jim MacRach
|
0-0: Ball 1-0: Called Strike 1-1: Ball 2-1: Ball 3-1: Foul Ball, location: 2F 3-2: Fly out, F9 (Flyball, 9)
|
Batting: RHB Rubén Arce
|
0-0: Called Strike 0-1: Ball 1-1: Called Strike 1-2: Ball 2-2: Foul Ball, location: 2F 2-2: Ball 3-2: Ground out 1-3 (Groundball, P)
|
Batting: RHB Norm Chodorow
|
0-0: Called Strike 0-1: DOUBLE (Flyball, 8LD)
|
Batting: RHB Santiago Valentín
|
0-0: SINGLE (Flyball, 78S) Norm Chodorow to third Runner from 3rd tries for Home, SAFE, throw made home Santiago Valentín to second
|
Batting: LHB Raphaël Duval
|
0-0: Called Strike 0-1: Foul Ball, location: 2F 0-2: Ball 1-2: Ball 2-2: Fly out, F9 (Flyball, 9LS)
|
Bottom of the 3rd over - 1 run, 2 hits, 0 errors, 1 left on base; Yellowknife 0 - Chicago 1 |
TOP OF THE 4TH |
Yellowknife Dragonblood batting - Pitching for Chicago Tula : LHP Brooks Senetzer
|
Batting: RHB Bill Boyd
|
0-0: Ball 1-0: Fly out, F9 (Flyball, 9S)
|
Batting: RHB Fernando González
|
0-0: Called Strike 0-1: Ball 1-1: Ball 2-1: Ball 3-1: Ground out 5-3 (Groundball, 56)
|
Batting: SHB Miklos Elias
|
0-0: Ball 1-0: Fly out, F9 (Line Drive, 9)
|
Top of the 4th over - 0 runs, 0 hits, 0 errors, 0 left on base; Yellowknife 0 - Chicago 1 |
BOTTOM OF THE 4TH |
Chicago Tula batting - Pitching for Yellowknife Dragonblood : RHP Forest Stanley
|
Batting: RHB Obi Jones
|
0-0: Ball 1-0: Foul Ball, location: 2F 1-1: Foul Ball, location: 2F 1-2: Foul Ball, location: 2F 1-2: Ball 2-2: Ball 3-2: Ground out 6-3 (Groundball, 6)
|
Batting: SHB Augusto Trejo
|
0-0: Called Strike 0-1: SINGLE (Flyball, 8LS)
|
Batting: RHB Lynwood Dimartínez
|
0-0: Ball 1-0: Foul Ball, location: 2F 1-1: Ground out 5-3 (Groundball, 56S) Augusto Trejo to second
|
Batting: RHB Frank de Blooys
|
0-0: Called Strike 0-1: Ground out 6-3 (Groundball, 56)
|
Bottom of the 4th over - 0 runs, 1 hit, 0 errors, 1 left on base; Yellowknife 0 - Chicago 1 |
TOP OF THE 5TH |
Yellowknife Dragonblood batting - Pitching for Chicago Tula : LHP Brooks Senetzer
|
Batting: RHB Manny García
|
0-0: Ball 1-0: Called Strike 1-1: Swinging Strike 1-2: SINGLE (Flyball, 8LS)
|
Batting: RHB Rob Ingram
|
0-0: Sac Bunt - play at first, batter OUT! 5-4 Manny García to second
|
Batting: RHB Riley Walker
|
0-0: Ball 1-0: Fly out, F8 (Flyball, 8RD)
|
Batting: RHB Cristo Cuervo
|
0-0: Ball 1-0: Called Strike 1-1: Ball 2-1: Fly out, F8 (Flyball, 78M)
|
Top of the 5th over - 0 runs, 1 hit, 0 errors, 1 left on base; Yellowknife 0 - Chicago 1 |
BOTTOM OF THE 5TH |
Chicago Tula batting - Pitching for Yellowknife Dragonblood : RHP Forest Stanley
|
Batting: RHB Jim MacRach
|
0-0: Called Strike 0-1: Ball 1-1: Ball 2-1: Ball 3-1: Ground out 1-3 (Groundball, 15)
|
Batting: RHB Rubén Arce
|
0-0: Ball 1-0: Called Strike 1-1: Foul Ball, location: 2F 1-2: Foul Ball, location: 2F 1-2: Ball 2-2: Foul Ball, location: 2F 2-2: SINGLE (Groundball, 56) (infield hit)
|
Batting: RHB Norm Chodorow
|
0-0: Called Strike 0-1: Ball 1-1: Fielders Choice at 2nd, 5-4 (Groundball, 5)
|
Batting: RHB Santiago Valentín
|
0-0: Called Strike 0-1: Fly out, F4 (Flyball, 34D)
|
Bottom of the 5th over - 0 runs, 1 hit, 0 errors, 1 left on base; Yellowknife 0 - Chicago 1 |
TOP OF THE 6TH |
Yellowknife Dragonblood batting - Pitching for Chicago Tula : LHP Brooks Senetzer
|
Batting: RHB Mitsuhide Bando
|
0-0: Called Strike 0-1: SINGLE (Flyball, 89M)
|
Batting: RHB Víctor Cuevas
|
0-0: Called Strike 0-1: Ball 1-1: Ball 2-1: Foul Ball, location: 2F 2-2: Foul Ball, location: 2F 2-2: Fly out, F8 (Flyball, 8RD)
|
Batting: RHB Bill Boyd
|
0-0: Called Strike 0-1: Ground out 5-3 (Groundball, 5) Mitsuhide Bando to second
|
Batting: RHB Fernando González
|
0-0: Called Strike 0-1: Foul Ball, location: 2F 0-2: Strikes out swinging
|
Top of the 6th over - 0 runs, 1 hit, 0 errors, 1 left on base; Yellowknife 0 - Chicago 1 |
BOTTOM OF THE 6TH |
Chicago Tula batting - Pitching for Yellowknife Dragonblood : RHP Forest Stanley
|
Batting: LHB Raphaël Duval
|
0-0: Called Strike 0-1: Foul Ball, location: 2F 0-2: Ball 1-2: Ball 2-2: Ball 3-2: Strikes out swinging
|
Batting: RHB Obi Jones
|
0-0: Ball 1-0: Foul Ball, location: 2F 1-1: Reached via error on a dropped throw, E1
|
Pinch Runner at 1st Mike Majewski:
|
|
Batting: SHB Augusto Trejo
|
0-0: Ball 1-0: Ball 2-0: DOUBLE (Line Drive, 89M) Mike Majewski to third
|
Batting: RHB Lynwood Dimartínez
|
0-0: Intentional Walk
|
Batting: RHB Frank de Blooys
|
0-0: Ball 1-0: Ball 2-0: Foul Ball, location: 2F 2-1: Foul Ball, location: 2F 2-2: Fly out, F5 (Line Drive, 5)
|
Batting: RHB Jim MacRach
|
0-0: Fielders Choice at 2nd, U4 (Groundball, 4M)
|
Bottom of the 6th over - 0 runs, 1 hit, 1 error, 3 left on base; Yellowknife 0 - Chicago 1 |
TOP OF THE 7TH |
Yellowknife Dragonblood batting - Pitching for Chicago Tula : LHP Brooks Senetzer
|
Now at C: Guo-fang Ni
|
|
Now at 2B: Otton Dis
|
|
Now in LF: Phil Oostermeer
|
|
Batting: SHB Miklos Elias
|
0-0: Ball 1-0: Called Strike 1-1: Swinging Strike 1-2: Fly out, F4 (Line Drive, 34)
|
Batting: RHB Manny García
|
0-0: Ground out 5-3 (Groundball, 5)
|
Batting: RHB Rob Ingram
|
0-0: Called Strike 0-1: Ball 1-1: Ground out 4-3 (Groundball, 34)
|
Top of the 7th over - 0 runs, 0 hits, 0 errors, 0 left on base; Yellowknife 0 - Chicago 1 |
BOTTOM OF THE 7TH |
Chicago Tula batting - Pitching for Yellowknife Dragonblood : RHP Forest Stanley
|
Batting: RHB Rubén Arce
|
0-0: Ball 1-0: Called Strike 1-1: Ground out 6-3 (Groundball, 6)
|
Batting: RHB Norm Chodorow
|
0-0: Foul Ball, location: 2F 0-1: Foul Ball, location: 2F 0-2: Single, Error in OF, E7, batter to second base
|
Batting: RHB Santiago Valentín
|
0-0: Called Strike 0-1: Ball 1-1: SINGLE (Groundball, 5) (infield hit) Norm Chodorow to third
|
Batting: LHB Raphaël Duval
|
0-0: Ball 1-0: Ball Santiago Valentín steals 2nd base 2-0: Intentional Walk
|
Pitching: LHP Tony Torres
|
|
Batting: RHB Mike Majewski
|
Balk! Norm Chodorow scores Santiago Valentín to third Raphaël Duval to second 0-0: Foul Ball, location: 2F 0-1: Ball 1-1: Ball 2-1: Foul Ball, location: 2F 2-2: Fly out, F8 (Flyball, 8LD) Runner from 3rd tags up, SCORES, no throw
|
Batting: RHB Otton Dis
|
0-0: Ball 1-0: Ball Wild Pitch! Raphaël Duval to third 2-0: Swinging Strike 2-1: Called Strike 2-2: Ball 3-2: Strikes out looking
|
Bottom of the 7th over - 2 runs, 2 hits, 1 error, 1 left on base; Yellowknife 0 - Chicago 3 |
TOP OF THE 8TH |
Yellowknife Dragonblood batting - Pitching for Chicago Tula : LHP Brooks Senetzer
|
Batting: RHB Riley Walker
|
0-0: Ball 1-0: Called Strike 1-1: Swinging Strike 1-2: Ground out 3-1 (Groundball, 34S)
|
Batting: RHB Cristo Cuervo
|
0-0: Called Strike 0-1: Fly out, F9 (Flyball, 89D)
|
Batting: RHB Mitsuhide Bando
|
0-0: Ball 1-0: SINGLE (Line Drive, 56D)
|
Batting: RHB Víctor Cuevas
|
0-0: Ground out 4-3 (Groundball, 34)
|
Top of the 8th over - 0 runs, 1 hit, 0 errors, 1 left on base; Yellowknife 0 - Chicago 3 |
BOTTOM OF THE 8TH |
Chicago Tula batting - Pitching for Yellowknife Dragonblood : LHP Tony Torres
|
Batting: RHB Phil Oostermeer
|
0-0: Ground out U3 (Groundball, 3L)
|
Batting: RHB Guo-fang Ni
|
0-0: Ground out 4-3 (Groundball, 4)
|
Batting: RHB Jim MacRach
|
0-0: Ball 1-0: Called Strike 1-1: DOUBLE (Flyball, 89D)
|
Batting: RHB Rubén Arce
|
0-0: Ball 1-0: Ball 2-0: Ball 3-0: Base on Balls
|
Batting: RHB Norm Chodorow
|
0-0: Ball 1-0: Foul Ball, location: 2F 1-1: Ball 2-1: Foul Ball, location: 2F 2-2: Ball 3-2: Foul Ball, location: 2F 3-2: Fly out, F8 (Flyball, 8LM)
|
Bottom of the 8th over - 0 runs, 1 hit, 0 errors, 2 left on base; Yellowknife 0 - Chicago 3 |
TOP OF THE 9TH |
Yellowknife Dragonblood batting - Pitching for Chicago Tula : LHP Brooks Senetzer
|
Batting: RHB Bill Boyd
|
0-0: Ball 1-0: Ball 2-0: Ball 3-0: Called Strike 3-1: Fly out, F4 (Line Drive, 4M)
|
Batting: RHB Fernando González
|
0-0: Ball 1-0: Called Strike 1-1: Foul Ball, location: 2F 1-2: Ball 2-2: Strikes out looking
|
Batting: SHB Miklos Elias
|
0-0: Swinging Strike 0-1: Called Strike 0-2: Foul Ball, location: 2F 0-2: Ball 1-2: Fly out, F7 (Flyball, 7LM)
|
Top of the 9th over - 0 runs, 0 hits, 0 errors, 0 left on base; Yellowknife 0 - Chicago 3 |
|